 Dungeon Crawl Stone Soup version 0.31-a0-1068-g5939ac1fb6 (webtiles) character file.

Game seed: 17170384172597881351

173 Dirtsage the Shooter (level 5, -1/41 HPs)
             Began as a Demonspawn Hunter on Nov 23, 2023.
             Slain by a hornet (7 damage)
             ... while paralysed by a hornet
             ... on level 5 of the Dungeon.
             The game lasted 00:10:18 (3698 turns).

Dirtsage the Shooter (Demonspawn Hunter)            Turns: 3698, Time: 00:10:19

Health: -1/41      AC:  6    Str: 12    XL:     5   Next: 28%
Magic:  5/5        EV:  2    Int: 10    God:
Gold:   39         SH:  0    Dex: 21    Spells: 4/4 levels left

rFire   . . .        i - +0 falchion
rCold   + . .        m - +0 buckler {rC+}
rNeg    . . .        r - +0 scale mail
rPois   +            (no helmet)
rElec   .            y - scarf of the Saviour {+Inv, rPois Dex+3}
rCorr   .            (no gloves)
SInv    .            (no boots)
Will    .....        (no amulet)
Stlth   +            l - +5 ring of evasion
HPRegen 0.26/turn    s - +5 ring of evasion
MPRegen 0.09/turn

%: no passive effects
@: paralysed, lethally poisoned (-1 -> -10)
A: hooves 1, powered by death 1
a: Evoke Invisibility


You were on level 5 of the Dungeon.
You visited 1 branch of the dungeon, and saw 5 of its levels.

You collected 256 gold pieces.
You spent 217 gold pieces at shops.

Inventory:

Hand Weapons
 a - a +0 shortbow
 i - a +0 falchion (weapon)
 j - a +0 hand axe
 v - a +0 short sword
Armour
 c - a +0 leather armour
 g - a +0 ring mail
 m - a +0 buckler of cold resistance (worn)
 r - a +0 scale mail (worn)
 y - the scarf of the Saviour (worn) {+Inv, rPois Dex+3}
   (You found it on level 4 of the Dungeon)

   Dex+3:     It affects your dexterity (+3).
   rPois:     It protects you from poison
Jewellery
 l - a +5 ring of evasion (left hand)
 s - a +5 ring of evasion (right hand)
Scrolls
 b - a scroll of butterflies
 e - a scroll of poison {unknown}
 h - 3 scrolls of enchant weapon
 o - a scroll of silence {unknown}
 t - 3 scrolls of teleportation
 w - 2 scrolls of fog
 x - a scroll of immolation {unknown}
 A - 2 scrolls of revelation
 B - a scroll of blinking
Potions
 d - a potion of might
 f - a potion of brilliance
 k - 4 potions of enlightenment
 n - a potion of resistance
 p - a potion of degeneration {unknown}
 q - 2 potions of curing
 u - a potion of lignification {unknown}
 z - a potion of heal wounds {unknown}


   Skills:
 - Level 3.0 Fighting
 + Level 1.6 Long Blades
 - Level 2.5 Axes
 - Level 4.4 Ranged Weapons
 - Level 1.7 Dodging
 - Level 0.8 Stealth


You had 4 spell levels left.
You didn't know any spells.
Your spell library contained the following spells:

 Spells                   Type           Power      Damage    Failure   Level
 Apportation              Tloc           0%         N/A       97%         1
 Necrotise                Necr           0%         1d4       97%         1
 Summon Small Mammal      Summ           0%         N/A       97%         1
 Ensorcelled Hibernation  Hex/Ice        0%         N/A       99%         2
 Passwall                 Tmut/Erth      0%         N/A       99%         2
 Gell's Gravitas          Tloc           0%         N/A       100%        3
 Swiftness                Air            0%         N/A       100%        3
 Teleport Other           Tloc           0%         N/A       100%        3
 Dispersal                Tloc           0%         N/A       100%        6


Dungeon Overview and Level Annotations

Branches:
Dungeon (5/15)
 Temple: D:4-7

Altars:
Cheibriados
Vehumet

Shops:
D:4 [?!


Innate Abilities, Weirdness & Mutations

You have large cloven feet.
You regenerate a little health from kills.


Message History

There is a stone staircase leading down here.
There is a stone staircase leading down here.
Search for what [Enter for "blade", or ? for help]? ranged You climb downwards.
There is a stone staircase leading up here.
An adder comes into view.
The adder hisses angrily.
The adder misses you.
You see here a potion of curing.
You hit the adder. Your kick misses the adder.
The adder is moderately wounded.
The adder misses you.
You hit the adder. You kick the adder.
The adder is severely wounded.
The adder bites you but does no damage. The adder completely misses you.
You slash the adder!
You kill the adder!
No target in view!
q - 2 potions of curing (gained 1)
A hornet comes into view.
The hornet buzzes angrily.
Okay, then.
You aren't carrying any items that you can evoke.
Unknown command.
You barely miss the hornet. Your kick misses the hornet. The hornet misses you.
The hornet completely misses you.
You closely miss the hornet. The hornet stings you!
You feel yourself slow down. The hornet closely misses you.
You take 15 damage, and have 26/41 hp.
MASSIVE DAMAGE!!
You closely miss the hornet. You kick the hornet, but do no damage.
The hornet stings you but does no damage.
The hornet misses you. The hornet barely misses you.
You hit the hornet but do no damage.
You feel yourself speed up. The hornet stings you!
You are poisoned.
You suddenly lose the ability to move!
The hornet stings you!
* * * LOW HITPOINT WARNING * * *
The hornet stings you!
You die...

#.#### .../.
.... ..y $. .#
######.###..#
..#.@y.......
#.#.##.###.#.
#.#.# .# #.#.#
.# #.#.##.#
#......# ###
####...####.
[[.#...........
##.#.###.#####.


You could see a hornet.

Vanquished Creatures
  A hound (D:4)
  Terence (D:3)
  5 adders
  A worm (D:3)
  2 dart slugs
  6 endoplasms
  4 goblins (D:1)
  10 hobgoblins
  2 jackals (D:2)
  4 quokkas
  10 ball pythons
  3 bats
  2 frilled lizards
  10 kobolds
  3 rats
64 creatures vanquished.

Notes
Turn   | Place    | Note
-------+----------+-------------------------------------------
     0 | D:1      | Dirtsage the Demonspawn Hunter began the quest for the Orb.
     0 | D:1      | Reached XP level 1. HP: 16/16 MP: 1/1
   307 | D:1      | Gained mutation: You have large cloven feet. [demonic
                  | ancestry]
   307 | D:1      | Reached XP level 2. HP: 22/22 MP: 2/2
   400 | D:1      | Reached skill level 4 in Ranged Weapons
   761 | D:1      | Gained mutation: You regenerate a little health from kills.
                  | [demonic ancestry]
   761 | D:1      | Reached XP level 3. HP: 28/28 MP: 3/3
  1392 | D:2      | Noticed Terence
  1451 | D:2      | Reached skill level 1 in Axes
  1964 | D:3      | Reached XP level 4. HP: 35/35 MP: 4/4
  2097 | D:3      | Found a radiant altar of Vehumet.
  2189 | D:3      | Killed Terence
  2512 | D:3      | Found a snail-covered altar of Cheibriados.
  2586 | D:4      | Found Zolyffiy's Distillery.
  2687 | D:4      | Reached skill level 1 in Long Blades
  2687 | D:4      | Reached XP level 5. HP: 35/41 MP: 5/5
  2940 | D:4      | Found Pimmuah's Magic Scroll Emporium.
  2947 | D:4      | Bought a scroll of identify for 22 gold pieces
  2947 | D:4      | Bought a scroll of identify for 22 gold pieces
  2947 | D:4      | Bought a scroll of teleportation for 33 gold pieces
  2947 | D:4      | Bought a scroll of identify for 22 gold pieces
  2947 | D:4      | Bought a scroll of enchant weapon for 82 gold pieces
  3177 | D:4      | Identified the scarf of the Saviour {+Inv, rPois Dex+3}
  3345 | D:4      | Found Mamof's Armour Emporium.
  3550 | D:4      | Bought a potion of curing for 36 gold pieces
  3618 | D:5      | Entered Level 5 of the Dungeon
  3618 | D:5      | Noticed a sky beast
  3691 | D:5      | Noticed a hornet
  3698 | D:5      | Paralysed by a hornet for 2 turns
  3698 | D:5      | Slain by a hornet

Illustrated notes

Levels and vault maps discovered:
D:1:      lemuel_arrival_river_passageway, layout_loops_corners,
          dreamdust_princess_corridor
D:2:      layout_basic, uniq_terence
D:3:      layout_basic, slow_altar_2, nicolae_vehumet_altar_sigil
D:4:      kennysheep_spiral_hall, layout_basic, serial_shops,
          nicolae_inconvenience_store, shop, shop, serial_co_window_serial,
          co_window_of_opportunity_a, co_window_paths_b, co_window_corner_a,
          co_window_paths_b, co_window_paths_b, co_window_corner_a,
          co_window_of_opportunity_b, co_window_of_opportunity_b,
          co_window_of_opportunity_b, co_window_of_opportunity_b,
          co_window_4corner_a, glass_columns_a
D:5:      minmay_spotlight, layout_basic, fedhas_altar_1,
          mainiacjoe_overflow_paths, temple_fountains, serial_shops, shop

Skill      XL: |  1  2  3  4 |
---------------+-------------+-----
Ranged Weapons | 4 |  4.4
Axes           | 1 2 |  2.5
Fighting       | 3 |  3.0
Long Blades    | 1 |  1.6
Dodging        | |  1.7
Stealth        | |  0.8

Action                     |  1- 3 |  4- 6 || total
---------------------------+-------+-------++-------
  Melee: Hand axe          |    10 |    33 ||    43
         Kick              |     1 |    26 ||    27
         Short sword       |       |    26 ||    26
         Falchion          |       |    10 ||    10
   Fire: Shortbow          |   111 |    22 ||   133
    Use: Scroll            |       |     7 ||     7
 Armour: Leather armour    |    19 |       ||    19
         Ring mail         |     5 |     1 ||     6
         Scale mail        |       |    26 ||    26
  Dodge: Dodged            |    27 |    68 ||    95
  Block: Buckler           |       |    10 ||    10

Table legend: (Time is in decaauts)
 A = Elapsed time spent in this place.
 B = Non-inter-level travel time spent in this place.
 C = Inter-level travel time spent in this place.
 D = Time resting spent in this place.
 E = Time spent auto-exploring this place.
 F = Levels seen in this place.
 G = Mean time per level.
                   A        B        C        D        E       F      G
               +--------+--------+--------+--------+--------+-----+--------+
         Total |   3762 |   3403 |    359 |     35 |   2836 |   5 |  752.4 |
       Dungeon |   3762 |   3403 |    359 |     35 |   2836 |   5 |  752.4 |
               +--------+--------+--------+--------+--------+-----+--------+

Top non-repeatable levels by time:
     D:4: 1088 daAuts
     D:1: 1065 daAuts
     D:2: 928 daAuts
     D:3: 645 daAuts
     D:5: 34 daAuts
